 Dungeon Crawl Stone Soup version 0.32-a0-868-g153ae1a8d6 (webtiles) character file.

Game seed: 9450802502080546109

86660 zenocrate the Metamorph (level 15, -4/136 HPs)
             Began as an Octopode Earth Elementalist on Mar 28, 2024.
             Was an Initiate of Gozag.
             Incinerated by a balrug (17 damage)
             ... with a pyre arrow
             ... on level 2 of the Lair of Beasts.
             The game lasted 00:32:42 (27302 turns).

zenocrate the Metamorph (OpEE)                     Turns: 27302, Time: 00:32:43

Health: -4/136     AC: 16    Str: 23    XL:     15   Next: 88%
Magic:  18/18      EV: 18    Int: 15    God:    Gozag
Gold:   518        SH:  5    Dex: 24    Spells: 2/18 levels left

rFire   . .          .
                       - Unarmed
rCold   + + .        (shield currently unavailable)
rNeg    + + .        (helmet currently unavailable)
rPois   +            A - amulet of reflection
rElec   +            g - +6 ring of dexterity
rCorr   +            e - ring of Jut Hisa {rElec Str+8 SInv Stlth-}
SInv    +            r - ring of resist corrosion
Will    .....        z - ring of protection from cold
Stlth   +            E - ring of protection from cold
HPRegen 0.42/turn    T - ring of positive energy
MPRegen 0.16/turn    i - +4 ring of protection
                     U - ring of positive energy

%: reflection
@: lit by a corona, on fire, snake-form, weak-willed, gold aura, glowing
A: constrict, boosted hp, almost no armour, amphibious, 8 rings, large,
(camouflage 1), (gelatinous body 1), (nimble swimmer 1), (tentacles), (antennae
1), dopey 1, robust 1
a: Begin Untransformation, Renounce Religion, Potion Petition, Call Merchant,
Bribe Branch


You were on level 2 of the Lair of Beasts.
You worshipped Gozag.
Gozag was pleased with you.
You were an enormous serpent.
You visited 6 branches of the dungeon, and saw 22 of its levels.
You also visited: Sewer and Ossuary.

You collected 6325 gold pieces.
You spent 3490 gold pieces at shops.
You paid 2317 gold pieces to Gozag.

Inventory:

Missiles
 l - 2 throwing nets
Armour
 G - a +1 kite shield
Magical Staves
 w - a staff of fire
 C - a staff of air
Jewellery
 e - the ring of Jut Hisa (right tentacle) {rElec Str+8 SInv Stlth-}
   (You acquired it on level 3 of the Dungeon)

   [ring of see invisible]

   Str+8:     It affects your strength (+8).
   rElec:     It insulates you from electricity.
   SInv:      It lets you see invisible.
   Stlth-:    It makes you less stealthy.
 g - a +6 ring of dexterity (left tentacle)
 i - a +4 ring of protection (on tentacle)
 r - a ring of resist corrosion (on tentacle)
 z - a ring of protection from cold (on tentacle)
 A - an amulet of reflection (around neck)
 E - a ring of protection from cold (on tentacle)
 M - a ring of magical power
 Q - a ring of fire
 T - a ring of positive energy (on tentacle)
 U - a ring of positive energy (on tentacle)
 V - a ring of flight
 W - a ring of ice
Talismans
 q - a serpent talisman (active)
 N - a storm talisman
Wands
 d - a wand of mindburst (3)
 k - a wand of charming (24)
 t - a wand of warping (10)
 u - a wand of digging (2)
 L - a wand of flame (4)
Scrolls
 b - a scroll of fog
 c - 2 scrolls of blinking
 n - a scroll of vulnerability
 p - 2 scrolls of summoning
 s - 7 scrolls of teleportation
 x - a scroll of amnesia
 y - a scroll of poison
 D - 3 scrolls of fear
 R - a scroll of brand weapon {unknown}
 S - a scroll of torment {unknown}
 X - a scroll of revelation
Potions
 a - 4 potions of magic
 f - 2 potions of invisibility
 h - a potion of resistance
 j - 3 potions of cancellation
 m - 2 potions of heal wounds
 o - 9 potions of enlightenment
 v - 3 potions of ambrosia
 B - 4 potions of curing
 H - 2 potions of attraction
 I - 2 potions of haste
 J - 4 potions of lignification
 K - a potion of brilliance
Miscellaneous
 F - a phial of floods
 Y - a condenser vane


   Skills:
 + Level 10.3 Fighting
 + Level 11.6 Dodging
 - Level 6.9 Stealth
 + Level 13.5 Unarmed Combat
 - Level 2.0 Spellcasting
 - Level 1.0 Conjurations
 - Level 3.0 Translocations
 - Level 3.0 Earth Magic
 + Level 8.1 Evocations
 + Level 15.9 Shapeshifting


You had 2 spell levels left.
You knew the following spells:

 Your Spells              Type           Power      Damage    Failure   Level
a - Stone Arrow           Conj/Erth      14%        3d7       28%         3
b - Sandblast             Erth           20%        2d7       6%          1
c - Passwall              Erth           10%        N/A       19%         3
d - Tukima's Dance        Hex            1%         N/A       54%         3
e - Blink                 Tloc           20%        N/A       10%         2
w - Passage of Golubria   Tloc           10%        N/A       54%         4

Your spell library contained the following spells:

 Spells                   Type           Power      Damage    Failure   Level
 Lesser Beckoning         Tloc           20%        N/A       10%         2
 Momentum Strike          Conj/Tloc      14%        3d8       14%         2
 Brom's Barrelling Bould  Conj/Erth      7%         2d3       67%         4
 Petrify                  Alch/Erth      6%         N/A       75%         4
 Yara's Violent Unravell  Hex/Alch       0%         3d3       99%         5


Dungeon Overview and Level Annotations

Branches:
Dungeon (12/15)            Temple (1/1) D:7            Lair (5/5) D:10
 Shoals (1/4) Lair:2        Snake (0/4) Lair:2        Slime (0/5) Lair:5
    Orc (2/2) D:12            Elf (1/3) Orc:2         Sewer (visited)
Ossuary (visited)

Altars:
Ashenzari
Cheibriados
Dithmenos
Elyvilon
Fedhas
Gozag
Hepliaklqana
Kikubaaqudgha
Makhleb
Nemelex Xobeh
Okawaru
Qazlal
Ru
Sif Muna
Trog
Uskayaw
Vehumet
Wu Jian
Xom
Yredelemnul
Zin
The Shining One
Beogh
Jiyva

Shops:
D:1 *[   D:4 (   D:5 *(::   Orc:2 !=*?   Elf:1 [   Lair:1 :?

Annotations:
D:6 1 runed translucent door, avangion's ghost, novice CoHu
D:10 1 runed translucent door, olddryhag's ghost, journeyman CoWn
Lair:3 Amaemon
Elf:1 2 transporters


Innate Abilities, Weirdness & Mutations

You are an enormous serpent.
You have a powerful constriction melee attack.
Your maximum health is increased.
Your armour is entirely melded.
You are incapable of wielding weapons or throwing items.
You cannot wear most types of armour.
You are amphibious.
You can wear up to eight rings at the same time.
((Your skin changes colour to match your surroundings (Stealth+).))
((Your rubbery body absorbs attacks. (AC +1, EV +1)))
((You are camouflaged when in or above water. (Stealth+)))
((You have tentacles for arms and can constrict up to eight enemies at once.))
((You have a pair of small antennae on your head.))
You are dopey. (Int -2)
You are robust. (+10% HP)


Message History

The faun looks frightened!
The merfolk siren looks frightened!
The faun looks frightened! x2; The balrug resists with some effort.
The merfolk siren stops singing.
You break out of your daze!
The balrug gestures at you. The pyre arrow hits you.
You are covered in intense liquid fire!
The balrug gestures at you. Something smites you!
You body-slam the faun!!
Your attack snaps the faun out of its fear.
You grab the faun.
The faun is almost dead.
The liquid fire burns you!
You constrict the faun.
You kill the faun!
The cyclops supplicates, "Please!
I have a lot of children!"
The liquid fire burns you! The balrug gestures at you.
The bolt of fire misses you.
You hear a loud "Zot"!
The balrug gestures at you. The pyre arrow hits you.
You are even more covered in intense liquid fire!
You shake off some of the fire as you move.
You climb upwards.
Welcome back to the Lair of Beasts!
The liquid fire burns you!
* * * LOW HITPOINT WARNING * * *
There is a staircase to the Shoals here.
You are on fire!
Unknown command.
Blink to where?
Press: ? - help, Dir - move target
As you read the scroll of blinking, it crumbles to dust.
The liquid fire burns you!
* * * LOW HITPOINT WARNING * * *
As you read the scroll of fog, it dissolves into smoke.
The liquid fire burns you!
You die...
Your body crumbles into a pile of gold.

#.## ####....#### #.....##
#..###P##.>### #######....##P
#..........# #....P###.....
##.#.#.#.### #...>.##......
############# ##...2.####....
...## ####P.## ##......# ##....
....###......#####......## #.....
........##.#..##§#§.....####.....
.....P#####.#.§§S§..P......#....P
...#### ####§§§§#####...##.....
#...# #§#§## #.#..#...... #...##
##### ###....#.... ...#.##
###.#.###. #.....# ##### ##
##.#### #.# ###


There were no monsters in sight!

Vanquished Creatures
  A deep elf death mage (Elf:1)
  Josephine (D:11)
  Fannar (Orc:1)
  2 hydras (Lair:3)
  2 boulder beetles (Lair:1)
  6 dancing weapons (Elf:1)
  3 two-headed ogres
  10 death yaks
  Sonja (D:10)
  Urug (D:11)
  3 orc high priests (Orc:2)
  Nergalle (Orc:1)
  4 deep elf knights (Elf:1)
  A skyshark (Lair:3)
  A deep elf archer (Elf:1)
  A wolf spider (Lair:4)
  11 deep elf zephyrmancers (Elf:1)
  4 orc knights (Orc:2)
  A faun (Shoals:1)
  3 orc sorcerers (Orc:2)
  3 ugly things (D:12)
  10 deep elf pyromancers (Elf:1)
  An obsidian bat (Orc:2)
  2 manticores
  Maurice (D:10)
  A cyclops (D:12)
  A guardian serpent (Lair:5)
  4 kobold blastminers (Orc:2)
  5 elephants
  9 black mambas
  An orange demon (Lair:3)
  Maggie (D:9)
  15 cane toads
  2 rime drakes
  2 unseen horrors
  8 komodo dragons
  A kobold demonologist (D:12)
  6 trolls
  2 polar bears
  3 hornets
  15 blink frogs
  12 dream sheep
  9 slime creatures (D:12)
  An air elemental (Elf:1)
  A shadow (D:11)
  4 wraiths
  2 water elementals (Elf:1)
  A hog (shapeshifter) (D:8)
  Eustachio (D:5)
  14 wyverns
  59 yaks
  2 basilisks
  A steam dragon (D:8)
  5 redbacks
  3 wargs
  An acid dragon (D:9)
  22 water moccasins
  7 orc warriors
  A black bear (D:5)
  4 ogres
  13 wolves
  5 centaurs
  A crocodile (Sewer)
  6 kobold brigands
  A brain worm (Sewer)
  9 scorpions
  8 bullfrogs
  5 wights (D:8)
  8 killer bees
  5 electric eels
  4 howler monkeys
  8 jellies
  A gnoll bouda (D:5)
  2 human zombies (Ossuary)
  4 orc priests (Orc:2)
  7 hounds
  2 iguanas
  16 orc wizards
  5 scorpion zombies (Ossuary)
  3 sleepcaps
  3 mummies (Ossuary)
  4 gnolls (D:5)
  8 adders
  7 river rats (Sewer)
  A shadow imp (D:5)
  A white imp (D:6)
  4 ufetubi
  2 adder zombies (Ossuary)
  A dart slug (D:5)
  2 ribbon worms (D:2)
  47 orcs
  7 endoplasms
  6 giant cockroaches
  2 gnoll zombies (Ossuary)
  4 goblins
  3 hobgoblins
  10 jackals
  6 quokkas
  11 ball pythons
  5 ball python zombies (Ossuary)
  7 bats
  A frilled lizard (D:1)
  2 jackal zombies (Ossuary)
  16 kobolds
  2 orc zombies (Ossuary)
  5 rats
581 creatures vanquished.

Vanquished Creatures (collateral kills)
  Kirke (Lair:3)
  A hydra (Lair:3)
  A two-headed ogre (D:8)
  A troll (D:10)
  A yak (D:10)
  2 killer bees (D:10)
  An orc (D:10)
8 creatures vanquished.

Vanquished Creatures (others)
  3 humans (Lair:3)
  A basilisk (Lair:3)
4 creatures vanquished.

Grand Total: 593 creatures vanquished

Notes
Turn   | Place    | Note
-------+----------+-------------------------------------------
     0 | D:1      | zenocrate the Octopode Earth Elementalist began the quest
                  | for the Orb.
     0 | D:1      | Reached XP level 1. HP: 11/11 MP: 3/3
    96 | D:1      | Reached XP level 2. HP: 18/18 MP: 5/5
   165 | D:1      | Found Genkewuo's General Store.
   171 | D:1      | Found Cennahudi's Antique Armour Shop.
   220 | D:1      | Reached skill level 1 in Unarmed Combat
   299 | D:1      | Reached skill level 1 in Fighting
   361 | D:1      | Reached XP level 3. HP: 23/23 MP: 6/6
   482 | D:1      | Learned a level 3 spell: Stone Arrow
   554 | D:1      | Found a faded altar of an unknown god.
   561 | D:1      | Prayed at the altar of an unknown god.
   561 | D:1      | Became a worshipper of Uskayaw the Reveller
   561 | D:1      | Reached * piety under Uskayaw
   562 | D:1      | Fell from the grace of Uskayaw
  1271 | D:2      | Reached XP level 4. HP: 28/28 MP: 7/7
  1745 | D:3      | Identified a scroll of acquirement
  1746 | D:3      | Acquired the ring of Jut Hisa {rElec Str+8 SInv Stlth-}
  1882 | D:3      | Found a glowing drain.
  1896 | D:3      | Found Xouwyu's Distillery.
  1902 | Sewer    | Entered a sewer
  1932 | Sewer    | Reached XP level 5. HP: 34/34 MP: 8/8
  2043 | Sewer    | Noticed a kobold brigand
  2133 | Sewer    | Killed a kobold brigand
  2215 | Sewer    | Noticed a kobold brigand
  2216 | Sewer    | Learned a level 3 spell: Passwall
  2223 | Sewer    | Reached XP level 6. HP: 39/39 MP: 9/9
  2266 | Sewer    | Reached skill level 5 in Stealth
  2374 | Sewer    | Reached XP level 7. HP: 40/45 MP: 8/10
  2503 | Sewer    | Paralysed by the fury of Uskayaw for 5 turns
  3205 | D:4      | Paralysed by the fury of Uskayaw for 3 turns
  3355 | D:4      | Reached skill level 1 in Shapeshifting
  3499 | D:4      | Found a glowing golden altar of the Shining One.
  3606 | D:4      | Found Fij Pam's Antique Weapon Shoppe.
  3896 | D:5      | Entered Level 5 of the Dungeon
  3903 | D:5      | Found Detuom's Book Emporium.
  4089 | D:5      | Reached skill level 5 in Unarmed Combat
  4089 | D:5      | Reached skill level 2 in Shapeshifting
  4089 | D:5      | Reached XP level 8. HP: 11/51 MP: 8/11
  4525 | D:5      | Found Abbe's Book Shoppe.
  4565 | D:5      | Found Mopewawa's Assorted Antiques.
  4573 | D:5      | Bought a scroll labelled MUID DAECU for 33 gold pieces
  4573 | D:5      | Bought a glass wand for 132 gold pieces
  4573 | D:5      | Bought a clear potion for 29 gold pieces
  4573 | D:5      | Bought a bubbling cyan potion for 29 gold pieces
  4610 | D:5      | Noticed Eustachio
  4615 | D:5      | Reached skill level 5 in Dodging
  4625 | D:5      | Killed Eustachio
  4626 | D:5      | Reached skill level 3 in Shapeshifting
  4726 | D:5      | Found Fowigeuc's Antique Weapon Boutique.
  4938 | D:5      | Found Zivub's Distillery.
  5198 | D:6      | Noticed a wyvern
  5202 | D:6      | Killed a wyvern
  5354 | D:6      | Found a sand-covered staircase.
  5363 | Ossuary  | Entered an ossuary
  5582 | Ossuary  | Reached skill level 4 in Shapeshifting
  5700 | Ossuary  | Paralysed by the fury of Uskayaw for 4 turns
  5700 | Ossuary  | Was forgiven by Uskayaw
  5706 | Ossuary  | Reached XP level 9. HP: 34/55 MP: 12/12
  6070 | Ossuary  | Reached skill level 11 in Shapeshifting
  6070 | Ossuary  | Reached XP level 10. HP: 62/62 MP: 13/13
  6217 | D:6      | Found a runed translucent door.
  6298 | D:6      | Identified the +8 dagger of Exquisite Death {flame,
                  | *Corrode rElec rN+++ Str+6}
  6757 | D:6      | Noticed avangion's ghost (novice CoHu)
  6828 | D:6      | Found a blossoming altar of Fedhas.
  6841 | D:6      | Gained mutation: You do not regenerate when monsters are
                  | visible. [potion of mutation]
  6841 | D:6      | Gained mutation: You are frail. (-10% HP) [potion of
                  | mutation]
  6841 | D:6      | Gained mutation: You have an increased reservoir of magic.
                  | (+10% MP) [potion of mutation]
  6842 | D:6      | Lost mutation: You do not regenerate when monsters are
                  | visible. [potion of mutation]
  6842 | D:6      | Lost mutation: You have an increased reservoir of magic.
                  | (+10% MP) [potion of mutation]
  6842 | D:6      | Lost mutation: You are frail. (-10% HP) [potion of
                  | mutation]
  6842 | D:6      | Gained mutation: You are robust. (+10% HP) [potion of
                  | mutation]
  6842 | D:6      | Gained mutation: You are dopey. (Int -2) [potion of
                  | mutation]
  6842 | D:6      | Gained mutation: You have a pair of small antennae on your
                  | head. [potion of mutation]
  6906 | D:7      | You fall into a shaft and drop 3 floors!
  6906 | D:10     | Entered Level 10 of the Dungeon
  6929 | D:10     | Noticed Maurice
  6933 | D:10     | Killed Maurice
  7172 | D:10     | Reached skill level 12 in Shapeshifting
  7493 | D:10     | Found a runed translucent door.
  8243 | D:7      | Found a staircase to the Ecumenical Temple.
  8397 | Temple   | Entered the Ecumenical Temple
  8410 | Temple   | Became a worshipper of Gozag Ym Sagoz the Greedy
  8492 | D:5      | Bought a potion of curing for 33 gold pieces
  8492 | D:5      | Bought a potion of curing for 33 gold pieces
  8723 | D:8      | Noticed a two-headed ogre
  8733 | D:8      | Killed a two-headed ogre
  8734 | D:8      | Reached XP level 11. HP: 38/72 MP: 14/14
  9073 | D:8      | Identified the +6 glaive of Dung {freeze, rC+ Str+3 Int+3}
  9188 | D:8      | Found a stormy altar of Qazlal.
  9574 | D:9      | Noticed Maggie
  9582 | D:9      | Paralysed by a hornet for 2 turns
  9752 | D:9      | Learned a level 3 spell: Tukima's Dance
  9757 | D:9      | Learned a level 4 spell: Passage of Golubria
  9762 | D:9      | Found a sparkling altar of Nemelex Xobeh.
 10360 | D:9      | Killed Maggie
 10361 | D:9      | Reached skill level 13 in Shapeshifting
 10993 | D:1      | Bought a potion of curing for 42 gold pieces
 10993 | D:1      | Bought a potion of heal wounds for 70 gold pieces
 10993 | D:1      | Bought a potion of resistance for 140 gold pieces
 10993 | D:1      | Bought a scroll of teleportation for 42 gold pieces
 11092 | D:5      | Bought a potion of ambrosia for 88 gold pieces
 11092 | D:5      | Bought a potion of enlightenment for 55 gold pieces
 11315 | D:10     | Found a staircase to the Lair.
 11713 | D:10     | Noticed a two-headed ogre
 11760 | D:10     | Noticed Sonja
 11767 | D:10     | Killed Sonja
 12011 | D:10     | Killed a two-headed ogre
 12113 | D:10     | Noticed olddryhag's ghost (journeyman CoWn)
 12114 | D:10     | Noticed a purple ugly thing
 12233 | Lair:1   | Entered Level 1 of the Lair of Beasts
 12622 | Lair:1   | Noticed a boulder beetle
 12644 | Lair:1   | Killed a boulder beetle
 12645 | Lair:1   | Reached XP level 12. HP: 49/79 MP: 6/15
 12777 | Lair:1   | Noticed a boulder beetle
 12921 | Lair:1   | Killed a boulder beetle
 13351 | Lair:1   | Reached skill level 10 in Unarmed Combat
 13661 | D:5      | Bought 2 potions of haste for 220 gold pieces
 13661 | D:5      | Bought a potion of magic for 88 gold pieces
 13661 | D:5      | Bought a potion of enlightenment for 55 gold pieces
 14180 | Lair:2   | Found a staircase to the Snake Pit.
 14191 | Lair:2   | Noticed a death yak
 14191 | Lair:2   | Noticed a death yak
 14193 | Lair:2   | Noticed a death yak
 14193 | Lair:2   | Noticed a death yak
 14197 | Lair:2   | Noticed a death yak
 14198 | Lair:2   | Noticed a death yak
 14202 | Lair:2   | Killed a death yak
 14207 | Lair:2   | Killed a death yak
 14208 | Lair:2   | Reached skill level 14 in Shapeshifting
 14212 | Lair:2   | Killed a death yak
 14219 | Lair:2   | Killed a death yak
 14222 | Lair:2   | Killed a death yak
 14229 | Lair:2   | Killed a death yak
 14665 | Lair:2   | Found a staircase to the Shoals.
 14977 | Lair:2   | Reached XP level 13. HP: 86/86 MP: 16/16
 15593 | D:5      | Bought a book of Spatial Translocations for 180 gold pieces
 15596 | D:5      | Learned a level 2 spell: Blink
 15797 | Lair:2   | Reached skill level 1 in Translocations
 16571 | Lair:3   | Noticed Kirke
 16629 | Lair:3   | Killed Kirke
 16630 | Lair:3   | Reached skill level 5 in Fighting
 17267 | Lair:3   | Identified the +6 scimitar of Prudence {heavy, rN+ MP+9
                  | SInv}
 17623 | Lair:3   | Reached skill level 1 in Evocations
 17657 | Lair:3   | Noticed Amaemon
 17907 | Lair:1   | Bought a scroll of identify for 24 gold pieces
 17907 | Lair:1   | Bought a scroll of identify for 24 gold pieces
 17907 | Lair:1   | Bought a scroll of summoning for 114 gold pieces
 17907 | Lair:1   | Bought a scroll of identify for 24 gold pieces
 17907 | Lair:1   | Bought a scroll of identify for 24 gold pieces
 17907 | Lair:1   | Bought a scroll of teleportation for 36 gold pieces
 17907 | Lair:1   | Bought a scroll of amnesia for 48 gold pieces
 18316 | Lair:4   | Identified the amulet "Roan" {Harm rElec Regen+ Str+5
                  | Int-5}
 18523 | Lair:4   | Identified the +6 dagger "Doogaedd" {spect, rPois}
 18661 | Lair:4   | Reached skill level 15 in Shapeshifting
 18669 | Lair:4   | Reached XP level 14. HP: 81/99 MP: 17/17
 19043 | Lair:5   | Entered Level 5 of the Lair of Beasts
 19532 | Lair:5   | Reached skill level 10 in Dodging
 20177 | Lair:4   | Reached skill level 5 in Evocations
 20732 | Lair:5   | Found a staircase to the Slime Pits.
 20732 | Lair:5   | Found a viscous altar of Jiyva.
 21444 | Lair:1   | Bought a scroll of teleportation for 30 gold pieces
 21444 | Lair:1   | Bought a scroll of teleportation for 30 gold pieces
 21444 | Lair:1   | Bought a scroll of teleportation for 30 gold pieces
 21693 | D:11     | Noticed Urug
 21703 | D:11     | Killed Urug
 21741 | D:11     | Noticed Josephine
 21754 | D:11     | Killed Josephine
 22347 | D:11     | Identified the +11 spear of the Shouting Bear {freeze,
                  | *Corrode rN+++ Str+5}
 22887 | D:12     | Found a staircase to the Orcish Mines.
 23630 | D:12     | Reached XP level 15. HP: 64/111 MP: 18/18
 24007 | Orc:1    | Entered Level 1 of the Orcish Mines
 24060 | Orc:1    | Noticed Fannar
 24069 | Orc:1    | Noticed Nergalle
 24076 | Orc:1    | Killed Fannar
 24086 | Orc:1    | Killed Nergalle
 24681 | Orc:2    | Entered Level 2 of the Orcish Mines
 24741 | Orc:2    | Found a staircase to the Elven Halls.
 25241 | Orc:2    | Found a roughly hewn altar of Beogh.
 25497 | Orc:2    | Found Jair's Jewellery Shoppe.
 25497 | Orc:2    | Found Miorylats's Distillery.
 25659 | Orc:2    | Found Nuyfimug's Magic Scroll Shoppe.
 25659 | Orc:2    | Found Virche's Assorted Antiques.
 25666 | Orc:2    | Bought a +4 ring of protection for 468 gold pieces
 25670 | Orc:2    | Bought a scroll of blinking for 112 gold pieces
 25670 | Orc:2    | Bought a scroll of fear for 60 gold pieces
 25670 | Orc:2    | Bought a scroll of teleportation for 45 gold pieces
 25670 | Orc:2    | Bought a scroll of revelation for 112 gold pieces
 25672 | Orc:2    | Bought a condenser vane for 1040 gold pieces
 26001 | Elf:1    | Entered Level 1 of the Elven Halls
 26050 | Elf:1    | Found Zyhe's Armour Boutique.
 26372 | Elf:1    | Found a transporter.
 26375 | Elf:1    | Found the +8 mithril axe "Arga" {speed, Will+}
 26420 | Elf:1    | Reached skill level 10 in Fighting
 26841 | Elf:1    | Paralysed by an air elemental for 1 turns
 27067 | Elf:1    | Found a transporter.
 27291 | Shoals:1 | Entered Level 1 of the Shoals
 27293 | Shoals:1 | Noticed a balrug
 27302 | Lair:2   | Incinerated by a balrug

Illustrated notes

Levels and vault maps discovered:
D:1:      nicolae_arrival_memento_mori, layout_rooms,
          dreamdust_ecumenical_altar_hidden_monk_grotto, serial_shops, shop,
          shop, serial_bayou_pond_e, chequers_serial_rivers_small_b
D:2:      layout_basic
D:3:      layout_loops_ring, serial_shops, shop, cheibrodos_sewer_entry_drain,
          kennysheep_generic_room_12
D:4:      layout_gridville, lemuel_coloured_pillars_altar, serial_shops,
          nicolae_shop_crystal, amethyst_killhole
D:5:      layout_basic, serial_shops, shop, nicolae_shop_trees,
          nicolae_shop_tiny_glass, nicolae_shop_temple_entry_statues_fountains,
          shop, hangedman_abyss_or_decor_lesser_grid, moated_statue,
          chequers_serial_rivers_small_3, uniq_eustachio
D:6:      layout_basic, lemuel_tele_altar, gammafunk_ghost_grave,
          lightli_ossuary_entry_decrepit_ruins
D:7:      layout_rooms, minmay_temple_entry_mist
D:8:      minmay_ornate_pinched, layout_loops_ring,
          nicolae_overflow_crystal_walls, serial_glass, glass_columns_a,
          glass_columns_a, glass_columns_c, glass_columns_b, glass_columns_a,
          glass_columns_c, glass_columns_a, glass_columns_a, glass_columns_a,
          glass_columns_a, glass_columns_b, glass_columns_b, glass_columns_a,
          glass_columns_b
D:9:      layout_roguey, mainiacjoe_overflow_boulevard, uniq_maggie
D:10:     layout_basic, erik_lair_island, ebering_ghost_inner_flame, uniq_sonja,
          uniq_maurice
D:11:     layout_loops_ring, minmay_fountain_box, uniq_urug, uniq_josephine
D:12:     layout_gridville, orc_0_dummy
Temple:   nicolae_temple_bog_church
Lair:1:   layout_regular_city, infiniplex_staircase_pool
Lair:2:   layout_layer_cave, shoals_dummy_entry, dummy_snake_entry
Lair:3:   nzn_winding_woodlands_medium [nzn_winding_woodlands_5x5_closed_star,
          nzn_winding_woodlands_5x15_garden,
          nzn_winding_woodlands_5x5_open_star,
          nzn_winding_woodlands_5x5_perimeter,
          nzn_winding_woodlands_center_triple_pond,
          nzn_winding_woodlands_5x5_cross, nzn_winding_woodlands_5x5_default,
          nzn_winding_woodlands_5x15_crooked, nzn_winding_woodlands_5x5_three],
          layout_layer_cave, infiniplex_staircase_pool_2, uniq_amaemon,
          uniq_kirke
Lair:4:   layout_cave_shapes, chequers_serial_rivers_small_a,
          hibernation_bobbens
Lair:5:   hangedman_lair_tendril_chambers, layout_loops_ring,
          nicolae_slime_entry_slimehenge, serial_bayou_pond_c,
          lemuel_old_faithful, serial_bayou_shore_a
Shoals:1: layout_shoals, serial_shops, nicolae_shop_tiny_statue_garden
Orc:1:    layout_diamond_mine, uniq_nergalle, uniq_fannar
Orc:2:    grunt_orc_tribal_feast, layout_caves, basic_altar
Elf:1:    gammafunk_its_a_trap, layout_loops_cross, serial_shops, shop,
          hangedman_elven_crosses_minicolossus, st_stairs_8

Skill      XL: |  1  2  3  4  5  6  7  8  9 10 11 12 13 14 15 |
---------------+----------------------------------------------+-----
Stealth        | 3 4 5 6 |  6.9
Unarmed Combat | 1 2 3 4 5 6 7 9 11 12 13 | 13.5
Fighting       | 1 2 3 6 9 10 | 10.3
Dodging        | 3 4 6 7 9 10 11 | 11.6
Shapeshifting  | 2 4 11 12 13 14 15 | 15.9
Translocations | 3 |  3.0
Evocations     | 3 6 8 |  8.1
Spellcasting   | |  2.0
Conjurations   | |  1.0
Earth Magic    | |  3.0

Action                     |  1- 3 |  4- 6 |  7- 9 | 10-12 | 13-15 || total
---------------------------+-------+-------+-------+-------+-------++-------
  Melee: Unarmed           |    58 |    75 |   153 |   416 |   913 ||  1615
         Tentacles         |    19 |    16 |    43 |    51 |       ||   129
         Constrict         |    18 |    20 |    59 |    91 |   227 ||   415
         Punch             |     1 |     2 |    11 |    17 |       ||    31
   Cast: Sandblast         |    13 |    15 |    10 |     2 |       ||    40
         Stone Arrow       |       |       |    16 |    44 |    31 ||    91
 Invoke: Renounce Religion |     1 |       |       |       |       ||     1
         Call Merchant     |       |       |       |       |     3 ||     3
  Evoke: Wand              |       |       |       |     5 |    10 ||    15
         Phial of floods   |       |       |       |     1 |     3 ||     4
    Use: Potion            |     1 |     1 |     3 |    13 |     5 ||    23
         Scroll            |       |     5 |     8 |    10 |    18 ||    41
   Stab: Sleeping          |    11 |     3 |     7 |    12 |    12 ||    45
         Distracted        |       |       |     2 |     6 |     7 ||    15
 Armour: Skin              |    42 |    28 |    73 |   183 |   548 ||   874
  Dodge: Dodged            |    37 |    66 |   117 |   249 |   569 ||  1038
  Block: Other             |       |       |       |    71 |   145 ||   216
         Reflection        |       |       |       |     3 |    10 ||    13
   Form: Beast             |       |       |     1 |       |       ||     1
         Serpent           |       |       |       |     1 |       ||     1

Table legend: (Time is in decaauts)
 A = Elapsed time spent in this place.
 B = Non-inter-level travel time spent in this place.
 C = Inter-level travel time spent in this place.
 D = Time resting spent in this place.
 E = Time spent auto-exploring this place.
 F = Levels seen in this place.
 G = Mean time per level.
                   A        B        C        D        E       F      G
               +--------+--------+--------+--------+--------+-----+--------+
         Total |  27065 |  24761 |   2304 |    332 |  20269 |  24 | 1127.7 |
       Dungeon |  13638 |  12054 |   1584 |    155 |  10130 |  12 | 1136.5 |
        Temple |     27 |      2 |     25 |      0 |      0 |   1 |   27.0 |
          Lair |   8900 |   8453 |    447 |     87 |   7003 |   5 | 1780.0 |
        Shoals |      7 |      7 |      0 |      0 |      0 |   1 |    7.0 |
  Orcish Mines |   1833 |   1699 |    134 |      2 |   1359 |   2 |  916.5 |
   Elven Halls |   1125 |   1013 |    112 |      4 |    728 |   1 | 1125.0 |
         Sewer |    786 |    786 |      0 |     69 |    544 |   1 |  786.0 |
       Ossuary |    745 |    745 |      0 |     15 |    504 |   1 |  745.0 |
               +--------+--------+--------+--------+--------+-----+--------+

Top non-repeatable levels by time:
  Lair:2: 1955 daAuts
  Lair:4: 1919 daAuts
  Lair:3: 1870 daAuts
    D:10: 1769 daAuts
  Lair:1: 1614 daAuts
     D:5: 1585 daAuts
  Lair:5: 1541 daAuts
     D:9: 1365 daAuts
     D:8: 1360 daAuts
    D:12: 1241 daAuts
    D:11: 1212 daAuts
   Elf:1: 1125 daAuts
     D:2: 1116 daAuts
     D:6: 1018 daAuts
   Orc:1: 939 daAuts
